 Dungeon Crawl Stone Soup version 0.28.0-62-gf88900778d (webtiles) character file.

Game seed: 1788624315839892091

2374 Coron the Cleaver (level 9, 0/82 HPs)
             Began as a Deep Dwarf Fighter on Mar 10, 2023.
             Was a Believer of Makhleb.
             Slain by an ogre
             ... wielding a +0 halberd
              (8 damage)
             ... in a bailey.
             The game lasted 00:26:23 (4810 turns).

Coron the Cleaver (Deep Dwarf Fighter)              Turns: 4810, Time: 00:26:24

Health: 0/82       AC: 16    Str: 24    XL:     9   Next: 21%
Magic:  6/6        EV:  8    Int:  9    God:    Makhleb [**....]
Gold:   257        SH: 10    Dex: 12    Spells: 8/8 levels left

rFire   . . .      SeeInvis +   a - +0 war axe
rCold   . . .      Faith    .   c - +0 buckler
rNeg    . . .      Spirit   .   s - +0 chain mail
rPois   .          Reflect  +   (no helmet)
rElec   .          Harm     .   (no cloak)
rCorr   .          Rampage  .   (no gloves)
Will    +....                   z - +0 pair of boots
Stlth   ..........              E - amulet of reflection
HPRegen 0.00/turn               m - ring of see invisible
MPRegen 0.10/turn               p - +4 ring of protection

@: no status effects
A: damage resistance, heal wounds, sense surroundings 2, no regeneration
a: Heal Wounds, Renounce Religion, Minor Destruction


You were in a bailey.
You worshipped Makhleb.
Makhleb was pleased with you.
You visited 2 branches of the dungeon, and saw 8 of its levels.
You also visited: Bailey.

You collected 257 gold pieces.

Inventory:

Hand Weapons
 a - a +0 war axe (weapon)
 h - a +2 whip of flaming
 i - a +0 hand crossbow
 k - a +0 hunting sling
Missiles
 e - 17 poisoned darts (quivered)
 g - 172 stones
 j - 13 bolts
Armour
 c - a +0 buckler (worn)
 s - a +0 chain mail (worn)
 z - a +0 pair of boots (worn)
Jewellery
 m - a ring of see invisible (left hand)
 p - a +4 ring of protection (right hand)
 D - a ring of wizardry
 E - an amulet of reflection (around neck)
Wands
 d - a wand of digging (13)
 r - a wand of iceblast (6)
 y - a wand of mindburst (6)
Scrolls
 n - a scroll of teleportation
 o - a scroll of magic mapping {unknown}
 q - a scroll of fog {unknown}
 t - a scroll of fear {unknown}
 u - a scroll of blinking {unknown}
 v - 2 scrolls of silence
 w - a scroll of acquirement {unknown}
 x - a scroll of amnesia {unknown}
 B - a scroll of enchant weapon {unknown}
 C - a scroll of holy word {unknown}
 F - a scroll of enchant armour {unknown}
Potions
 b - a potion of heal wounds {unknown}
 f - 3 potions of curing
 l - a potion of mutation
 A - a potion of lignification {unknown}


   Skills:
 - Level 6.0 Fighting
 + Level 8.1 Axes
 - Level 2.0 Crossbows
 - Level 8.0 Armour
 - Level 6.0 Shields


You had 8 spell levels left.
You didn't know any spells.
Your spell library contained the following spells:

 Spells                   Type           Power      Damage    Failure   Level
 Pain                     Necr           0%         1d4       97%         1
 Call Canine Familiar     Summ           0%         N/A       100%        3
 Portal Projectile        Hex/Tloc       0%         N/A       100%        3
 Summon Guardian Golem    Hex/Summ       0%         N/A       100%        3
 Leda's Liquefaction      Hex/Erth       0%         N/A       100%        4
 Agony                    Necr           0%         N/A       100%        5
 Excruciating Wounds      Necr           0%         N/A       100%        5
 Orb of Destruction       Conj           0%         9d5       100%        7
 Spellforged Servitor     Conj/Summ      0%         N/A       100%        7


Dungeon Overview and Level Annotations

Branches:
Dungeon (7/15)             Temple (1/1) D:6          Bailey (1/1)

Altars:
Ashenzari
Cheibriados
Dithmenos
Gozag
Hepliaklqana
Kikubaaqudgha
Makhleb
Nemelex Xobeh
Okawaru
Qazlal
Ru
Sif Muna
Trog
Uskayaw
Wu Jian
Xom
Yredelemnul
Zin
The Shining One

Shops:
D:5 !

Annotations:
D:3 Sigmund


Innate Abilities, Weirdness & Mutations

You are resistant to damage.
You can heal yourself by infusing magical energy.
You passively map the area around you.
You do not regenerate.


Message History

You destroy the howler monkey zombie!
Makhleb accepts your kill. You block the goblin's attack.
The goblin splashes around in the water.
You slash the goblin!
You kill the goblin!
Makhleb accepts your kill.
You hear a splash.
You enter the shallow water.
Moving in this stuff is going to be slow.
You see here a +0 spear.
Found a pair of runed gloves.
There is a flagged portal here.
The world spins around you as you enter the gateway.
You enter a bailey!
Found a gate leading back out of this place.
There is an empty arch of ancient stone here.
There is a gate leading back out of this place here.
You enter the shallow water.
Moving in this stuff is going to be slow.
An ogre comes into view. It is wielding a +0 halberd.
An ogre comes into view. It is wielding a +0 halberd.
The ogre shouts!
You hear a shout! x2
The ogre closely misses you.
You barely miss the ogre. The ogre closely misses you.
You slash the ogre!
The ogre is heavily wounded.
You block the ogre's attack. The ogre hits you with a +0 halberd!
You hit the ogre.
The ogre is moderately wounded.
You hit the ogre. The ogre hits you but does no damage.
The ogre hits you with a +0 halberd!
* * * LOW HITPOINT WARNING * * *
You barely miss the ogre.
The ogre is moderately wounded.
You hit the ogre. The ogre hits you with a +0 halberd!!
* * * LOW HITPOINT WARNING * * *
The ogre hits you with a +0 halberd!
You die...

#....∩...∩....#
##...........##
##.........##
###≈≈≈≈≈###
#≈≈≈≈≈#
##≈≈≈≈≈##
#.......##
#........O##
..##♣♣♣##@.##
.# , #♣O.## * ,
♣#..## ,* * ≈ *
♣♣..# * , ,
♣..# , ,
,*,,#..# , ≈≈≈
,♣..# * ,,#..#
* , ** #O.#


You could see 2 ogres.

Vanquished Creatures
  Menkaure (D:4)
  2 water moccasins
  Duvessa (D:4)
  2 black bears
  A necrophage (D:6)
  4 ogres
  2 bullfrogs (D:6)
  A wyvern zombie (D:7)
  3 scorpions
  Dowan (D:4)
  2 water moccasin skeletons
  4 killer bees (D:5)
  A wight (D:6)
  A howler monkey (D:5)
  A centaur zombie (D:5)
  3 hounds
  2 jellies
  Jessica (D:2)
  A bullfrog skeleton (D:5)
  Ijyb (D:3)
  Terence (D:2)
  An iguana (D:6)
  Natasha (twice) (D:3)
  A hound skeleton (D:4)
  A howler monkey zombie (D:7)
  5 adders
  A shadow imp (D:6)
  2 ufetubi
  7 worms
  A dart slug (D:3)
  9 orcs
  9 ball pythons
  10 endoplasms
  11 giant cockroaches
  10 goblins
  7 hobgoblins
  2 jackals (D:2)
  10 kobolds
  5 quokkas
  7 bats
  5 frilled lizards
  6 rats
148 creatures vanquished.

Vanquished Creatures (others)
  A goblin (D:3)
1 creature vanquished.

Grand Total: 149 creatures vanquished

Notes
Turn   | Place    | Note
-------+----------+-------------------------------------------
     0 | D:1      | Coron the Deep Dwarf Fighter began the quest for the Orb.
     0 | D:1      | Reached XP level 1. HP: 20/20 MP: 1/1
   127 | D:1      | Reached XP level 2. HP: 20/27 MP: 2/2
   735 | D:2      | Reached XP level 3. HP: 14/34 MP: 3/3
   789 | D:2      | Noticed Jessica
   850 | D:2      | Noticed Terence
   970 | D:2      | Killed Terence
   971 | D:2      | Reached XP level 4. HP: 34/42 MP: 4/4
   993 | D:2      | Killed Jessica
  1406 | D:3      | Noticed Ijyb
  1446 | D:3      | Reached XP level 5. HP: 34/50 MP: 5/5
  1471 | D:3      | Noticed Sigmund
  1527 | D:3      | Noticed Natasha
  1535 | D:3      | Killed Natasha
  1607 | D:3      | Found a burning altar of Makhleb.
  1612 | D:3      | Became a worshipper of Makhleb the Destroyer
  1685 | D:3      | Killed Ijyb
  1686 | D:3      | Reached skill level 5 in Shields
  1848 | D:3      | Noticed Natasha
  1862 | D:3      | Killed Natasha
  1878 | D:3      | Found a faded altar of an unknown god.
  2182 | D:4      | Noticed Duvessa
  2182 | D:4      | Noticed Dowan
  2322 | D:4      | Reached * piety under Makhleb
  2323 | D:4      | Reached XP level 6. HP: 25/57 MP: 6/6
  2438 | D:4      | Killed Duvessa
  2439 | D:4      | Reached skill level 5 in Armour
  2456 | D:4      | Killed Dowan
  2457 | D:4      | Reached XP level 7. HP: 21/66 MP: 6/6
  2510 | D:4      | Noticed Menkaure
  2527 | D:4      | Reached skill level 5 in Fighting
  2567 | D:4      | Killed Menkaure
  2973 | D:5      | Entered Level 5 of the Dungeon
  2976 | D:5      | Reached skill level 5 in Axes
  3007 | D:5      | Reached XP level 8. HP: 23/74 MP: 7/7
  3668 | D:5      | Found Mif Uhe's Distillery.
  3708 | D:6      | Reached ** piety under Makhleb
  3751 | D:6      | Found a shadowy altar of Dithmenos.
  4005 | D:6      | Gained mutation: You passively map the area around you.
                  | [Deep Dwarf growth]
  4005 | D:6      | Reached XP level 9. HP: 44/82 MP: 6/6
  4116 | D:6      | Found an opulent altar of Gozag.
  4222 | D:6      | Found a staircase to the Ecumenical Temple.
  4229 | Temple   | Entered the Ecumenical Temple
  4767 | D:7      | Found a flagged portal.
  4784 | Bailey   | Entered a bailey
  4810 | Bailey   | Slain by an ogre

Illustrated notes

Levels and vault maps discovered:
D:1:      psy_arrival_terrarium, layout_basic, minivault_27
D:2:      layout_rooms, minmay_worlds_worst_comb, uniq_terence, uniq_jessica
D:3:      layout_basic, lightli_temple_of_fire,
          nicolae_ecumenical_snake_handling, uniq_natasha, uniq_ijyb,
          uniq_sigmund
D:4:      nicolae_cairo_tiling_very_big, layout_basic, uniq_duvessa,
          uniq_menkaure
D:5:      layout_rooms, serial_shops, shop,
          nicolae_concentric_dashed_squares_wild, nicolae_wormholes
D:6:      layout_loops_cross, nicolae_dithmenos_shadow_blocks,
          grunt_gozag_breadcrumbs, minmay_temple_entry_arrows
D:7:      layout_cave_pools, gammafunk_temple_overflow_statue, enter_bailey_5,
          minmay_misc_feat_ornament
Temple:   regret_index_temple_sphere_string
Bailey:   bailey_polearm_enchanted_keep_hellmonk, bailey

Skill      XL: |  1  2  3  4  5  6  7  8  9 |
---------------+----------------------------+-----
Fighting       | 3 4 5 6 |  6.0
Axes           | 3 4 6 7 8 |  8.1
Armour         | 4 5 6 8 |  8.0
Shields        | 4 5 6 |  6.0
Crossbows      | 2 |  2.0

Action                   |  1- 3 |  4- 6 |  7- 9 || total
-------------------------+-------+-------+-------++-------
Melee: War axe           |    81 |   182 |   179 ||   442
 Fire: Hand crossbow     |     7 |    12 |    12 ||    31
       Hunting sling     |       |    15 |    49 ||    64
Throw: Dart              |     4 |       |       ||     4
 Abil: Heal Wounds       |     2 |     2 |     5 ||     9
Evoke: Wand              |       |     3 |    17 ||    20
  Use: Potion            |     1 |       |       ||     1
       Scroll            |       |     3 |     4 ||     7
Armor: Scale mail        |    25 |   108 |     3 ||   136
       Chain mail        |       |       |   130 ||   130
Dodge: Dodged            |    40 |    77 |    62 ||   179
Block: Buckler           |    15 |    42 |    63 ||   120
